 Dungeon Crawl Stone Soup version 0.24.0-13-gcf9b3192b9 (webtiles) character file.

Game seed: 9663129964029583479, levelgen mode: deterministic

493 Aviak the Covered (level 6, -4/56 HPs)
             Began as a Minotaur Fighter on Nov 9, 2019.
             Slain by an ogre
             ... wielding a +0 giant club
              (24 damage)
             ... on level 5 of the Dungeon.
             The game lasted 00:03:22 (3043 turns).

Aviak the Covered (Minotaur Fighter)                Turns: 3043, Time: 00:03:23

Health: -4/56      AC: 13    Str: 23    XL:     6   Next: 92%
Magic:  5/5        EV:  7    Int:  5    God:
Gold:   264        SH: 10    Dex:  9    Spells: 5/5 levels left

rFire    . . .     SeeInvis .   a - +0 war axe
rCold    . . .     Gourm    .   c - +0 shield
rNeg     . . .     Faith    .   D - +0 chain mail
rPois    .         Spirit   .   (helmet restricted)
rElec    .         Reflect  .   z - +1 cloak
rCorr    .         Harm     +   h - +0 pair of gloves
MR       .....                  (no boots)
Stlth    ..........             e - amulet of harm
HPRegen  0.18/turn              (no ring)
MPRegen  0.09/turn              (no ring)

@: no status effects
A: retaliatory headbutt, horns 2
a: no special abilities


You were on level 5 of the Dungeon.
You were not hungry.

You visited 2 branches of the dungeon, and saw 6 of its levels.

You collected 264 gold pieces.

Inventory:

Hand Weapons
 a - a +0 war axe (weapon)
Armour
 b - a +0 scale mail
 c - a +0 shield (worn)
 h - a +0 pair of gloves (worn)
 y - a cursed +0 pair of gloves
 z - a +1 cloak (worn)
 D - a +0 chain mail (worn)
Jewellery
 e - an amulet of harm (around neck)
 k - an uncursed amulet of harm
 s - an uncursed ring of positive energy {unknown}
 x - an uncursed amulet of the acrobat {unknown}
Wands
 A - a wand of flame (18)
Scrolls
 g - a scroll of fear {unknown}
 j - 2 scrolls of amnesia {unknown}
 l - 4 scrolls of remove curse {unknown}
 m - a scroll of noise {unknown}
 p - a scroll of blinking {unknown}
 r - a scroll of magic mapping {unknown}
 t - 4 scrolls of identify {unknown}
 u - a scroll of teleportation {unknown}
 C - a scroll of enchant weapon {unknown}
Potions
 d - a potion of might
 i - 2 potions of flight {unknown}
 n - 3 potions of curing {unknown}
 o - 2 potions of heal wounds {unknown}
 q - 2 potions of berserk rage {unknown}
 v - 2 potions of cancellation {unknown}
 w - a potion of brilliance {unknown}
Comestibles
 f - 6 rations
 B - a chunk of flesh


   Skills:
 + Level 5.5 Fighting
 + Level 4.7 Axes
 + Level 5.6 Armour
 + Level 1.8 Dodging
 + Level 5.4 Shields


You had 5 spell levels left.
You didn't know any spells.
Your spell library contained the following spells:

 Spells                   Type           Power        Failure   Level  Hunger
 Animate Skeleton         Necr           N/A          100%        1    ##.....
 Apportation              Tloc           #.....       100%        1    ##.....
 Confusing Touch          Hex            #.....       100%        1    ##.....
 Freeze                   Ice            #...         100%        1    ##.....
 Summon Small Mammal      Summ           #...         100%        1    ##.....
 Throw Frost              Conj/Ice       #.....       100%        2    ###....
 Ozocubu's Armour         Chrm/Ice       #.......     100%        3    ####...
 Summon Ice Beast         Ice/Summ       #.......     100%        4    #####..
 Throw Icicle             Conj/Ice       #.......     100%        4    #####..


Dungeon Overview and Level Annotations

Branches:
Dungeon (5/15)             Temple (1/1) D:5

Altars:
Cheibriados
Dithmenos
Elyvilon
Fedhas
Gozag
Hepliaklqana
Makhleb
Nemelex Xobeh
Qazlal
Ru
Trog
Uskayaw
Vehumet
Wu Jian
Xom
Yredelemnul
Zin
The Shining One


Innate Abilities, Weirdness & Mutations

You reflexively headbutt those who attack you in melee.
You have a pair of horns on your head.


Message History

No target in view!
No target in view!
No target in view!
No target in view!
Things that are here:
a +0 mace; a jackal corpse An ogre comes into view.
It is wielding a +0 giant club.
The ogre shouts!
An ogre is nearby!
An ogre is nearby!
Found an escape hatch in the ceiling.
An ogre is nearby!
The ogre hits you but does no damage.
You hit the ogre. You headbutt the ogre.
The ogre is moderately wounded.
The ogre hits you with a +0 giant club!
You slash the ogre!
The ogre is almost dead.
The ogre hits you with a +0 giant club!!
You die...

...........# ##
.........<...##########.
.....................##.
........................
.<.....[.............###
.....................##.
......_.....#†..........
......8.....)........##.
##.._@.##.#...........
#..O.....###........#
#.....<..## ##.####..'
#...######.### #.#..#..#
..# ##...###.#..'..# #
##.....##.####..#
#.......#.......#
#.......#.§P....#
#.......#.####.).


You could see an ogre.

Vanquished Creatures
  A crimson imp (D:5)
  A centaur zombie (D:5)
  3 orc wizards
  Crazy Yiuf (D:4)
  An orc priest (D:3)
  A worker ant (D:5)
  2 worker ant zombies (D:5)
  A howler monkey skeleton (D:5)
  4 adders
  4 gnolls (D:2)
  An ooze (D:3)
  An adder zombie (D:5)
  3 worms
  3 dart slugs
  4 leopard geckos
  23 orcs
  A ball python (D:2)
  3 giant cockroaches
  9 hobgoblins
  4 jackals (D:5)
  3 quokkas
  A ball python zombie (D:5)
  12 bats
  9 frilled lizards
  8 goblins
  8 kobolds
  12 rats
124 creatures vanquished.

Vanquished Creatures (others)
  3 toadstools (D:3)
3 creatures vanquished.

Grand Total: 127 creatures vanquished

Notes
Turn   | Place    | Note
-------+----------+-------------------------------------------
     0 | D:1      | Aviak the Minotaur Fighter began the quest for the Orb.
     0 | D:1      | Reached XP level 1. HP: 19/19 MP: 0/0
    94 | D:1      | Reached XP level 2. HP: 20/27 MP: 1/1
   725 | D:2      | Reached XP level 3. HP: 30/33 MP: 2/2
   965 | D:2      | Reached XP level 4. HP: 38/41 MP: 3/3
  1032 | D:2      | Reached XP level 5. HP: 39/47 MP: 4/4
  1554 | D:3      | Reached skill level 5 in Fighting
  1554 | D:3      | Reached skill level 5 in Armour
  1554 | D:3      | Reached skill level 5 in Shields
  2173 | D:4      | Found a basalt altar of Yredelemnul.
  2476 | D:4      | Found a runed translucent door.
  2477 | D:4      | Noticed Crazy Yiuf
  2481 | D:4      | Killed Crazy Yiuf
  2481 | D:4      | Reached XP level 6. HP: 56/56 MP: 5/5
  2542 | D:5      | Entered Level 5 of the Dungeon
  2557 | D:5      | Reached skill level 1 in Dodging
  2558 | D:5      | Found a staircase to the Ecumenical Temple.
  2579 | Temple   | Entered the Ecumenical Temple
  3003 | D:5      | Found an opulent altar of Gozag.
  3003 | D:5      | Found an ornate altar of the Wu Jian Council.
  3043 | D:5      | Slain by an ogre

Levels and vault maps discovered:
D:1:      psy_arrival_radial02, layout_basic, corexii_item_surrounded_by_moat
D:2:      layout_loops_ring
D:3:      layout_basic, first_ration, minmay_gold_behind_fungi
D:4:      layout_basic, lemuel_statue_altar, uniq_crazy_yiuf_cottage
D:5:      corexii_shack_village, layout_rooms,
          chequers_temple_overflow_statue_of_worship,
          minmay_temple_entry_gardened_gates, lightli_church_of_beogh
Temple:   eino_temple_rhombus

Skill      XL: |  1  2  3  4  5  6 |
---------------+-------------------+-----
Fighting       | 4 5 |  5.5
Shields        | 4 5 |  5.4
Armour         | 4 5 |  5.6
Axes           | 3 4 |  4.7
Dodging        | 1 |  1.8

Action                   |  1- 3 |  4- 6 || total
-------------------------+-------+-------++-------
Melee: War axe           |   108 |   181 ||   289
       Headbutt          |    13 |    35 ||    48
  Eat: Chunk             |       |     7 ||     7
Armor: Scale mail        |    47 |    61 ||   108
       Chain mail        |       |    11 ||    11
Dodge: Dodged            |    32 |    62 ||    94
Block: Shield            |    52 |    93 ||   145
